[ AOE2 MATCH · #476019069 ]
UnrankedJapanese vs Magyars
[ REPLAY ANALYSIS · EXTRACTED FROM THE RECORDED GAME ]
Feudal
12:40
Castle
21:25
Imperial
35:45
| APM avg | 72.7 |
| APM peak | 131 |
| eAPM avg | 48.2 |
| Villagers / military | 127 / 72 |
Focus
⚔️ 52.8% · 🌾 47.2%
Cavalry Archer ×66 · Unknown (2626) ×53 · Fishing Ship ×20 · Fire Galley ×4 · Monk ×1 · Galley ×1
Feudal
13:43
Castle
17:38
Imperial
33:33
| APM avg | 47.1 |
| APM peak | 70 |
| eAPM avg | 23.7 |
| Villagers / military | 135 / 169 |
Focus
⚔️ 19.7% · 🌾 80.3%
Cavalry Archer ×103 · Skirmisher ×58 · Fishing Ship ×12 · Unknown (2626) ×5 · Scout Cavalry ×4 · Trebuchet (Packed) ×3
Feudal
13:20
Castle
17:00
Imperial
32:58
| APM avg | 56.7 |
| APM peak | 96 |
| eAPM avg | 25.2 |
| Villagers / military | 165 / 143 |
Focus
⚔️ 28.0% · 🌾 72.0%
Ratha (Ranged) ×84 · Scout Cavalry ×38 · Monk ×15 · Fishing Ship ×12 · Trebuchet (Packed) ×6
Feudal
13:19
Castle
17:32
Imperial
36:41
| APM avg | 48.5 |
| APM peak | 76 |
| eAPM avg | 27.2 |
| Villagers / military | 140 / 103 |
Focus
⚔️ 29.7% · 🌾 70.3%
Spearman ×60 · Monk ×18 · Fishing Ship ×14 · Mangonel ×10 · Bombard Cannon ×5 · Trebuchet (Packed) ×5
Feudal
13:06
Castle
18:37
Imperial
40:30
| APM avg | 40.5 |
| APM peak | 66 |
| eAPM avg | 19.2 |
| Villagers / military | 77 / 120 |
Focus
⚔️ 24.5% · 🌾 75.5%
Hand Cannoneer ×102 · Fishing Ship ×11 · Bombard Cannon ×7 · Scorpion ×5 · Monk ×2 · Mangonel ×2
Feudal
13:24
Castle
21:18
Imperial
—
| APM avg | 41.4 |
| APM peak | 89 |
| eAPM avg | 21.9 |
| Villagers / military | 103 / 14 |
Focus
⚔️ 21.8% · 🌾 78.2%
Unknown (1952) ×32 · Fishing Ship ×10 · Mangonel ×9 · Unknown (2626) ×9 · Spearman ×3 · Scorpion ×1
Feudal
13:15
Castle
17:20
Imperial
39:55
| APM avg | 52.1 |
| APM peak | 78 |
| eAPM avg | 24.9 |
| Villagers / military | 92 / 33 |
Focus
⚔️ 23.5% · 🌾 76.5%
Gbeto ×31 · Fishing Ship ×8 · Mangonel ×2
Feudal
13:42
Castle
17:18
Imperial
31:39
| APM avg | 46.7 |
| APM peak | 96 |
| eAPM avg | 28.2 |
| Villagers / military | 139 / 133 |
Focus
⚔️ 23.1% · 🌾 76.9%
Knight ×117 · Unknown (2626) ×31 · Fishing Ship ×19 · Organ Gun ×7 · Battering Ram ×7 · Trebuchet (Packed) ×2
Match map
Initial resources + every placement click. Lines = walls · curves = elevation contours. ◆ gold · ⬟ stone · ● berries · ✦ relic · ◌ wall gap
Your base· Open — unwalled flank
uttuananh1989's base· Open — unwalled flank
Sói's base· Open — 15t gap
Gờ Gờ's base· Open — 6t gap
bathi90dn's base· Open — 8t gap
Gun™'s base· Open — unwalled flank
43 Đoàn Quốc Hưng 1990's base· Open — 15t gap
BĂNG GIÁ PRO's base· Open — 6t gap
Smoothed initial terrain · ◌ = detected wall gap · hover for details
Inputs per minute
— Mr.Peo - - uttuananh1989
Build order — Mr.Peo
First 150 of 425 actions detected
| 0:19 | Build | Town Center |
| 1:33 | Build | Dock |
| 1:34 | Build | House |
| 2:31 | Create | Villager (Male) |
| 2:31 | Create | Villager (Male) |
| 2:32 | Create | Villager (Male) |
| 2:33 | Create | Villager (Male) |
| 3:18 | Build | House |
| 3:20 | Research | Loom |
| 3:21 | Create | Villager (Male) |
| 3:22 | Create | Villager (Male) |
| 3:22 | Create | Villager (Male) |
| 4:23 | Create | Fishing Ship |
| 4:41 | Create | Villager (Male) |
| 5:12 | Create | Villager (Male) |
| 5:36 | Create | Villager (Male) |
| 5:40 | Create | Fishing Ship |
| 5:40 | Create | Fishing Ship |
| 5:59 | Create | Villager (Male) |
| 6:21 | Create | Villager (Male) |
| 6:29 | Build | House |
| 6:38 | Create | Fishing Ship |
| 6:41 | Create | Villager (Male) |
| 7:01 | Create | Villager (Male) |
| 7:22 | Create | Villager (Male) |
| 7:36 | Create | Fishing Ship |
| 7:40 | Create | Villager (Male) |
| 7:51 | Build | House |
| 7:56 | Build | House |
| 8:04 | Create | Fishing Ship |
| 8:33 | Create | Villager (Male) |
| 8:53 | Create | Fishing Ship |
| 8:54 | Create | Villager (Male) |
| 9:00 | Create | Villager (Male) |
| 9:01 | Create | Villager (Male) |
| 9:01 | Create | Villager (Male) |
| 9:10 | Create | Villager (Male) |
| 9:20 | Build | Mining Camp |
| 9:54 | Create | Villager (Male) |
| 10:30 | Research | Feudal Age |
| 11:15 | Create | Fishing Ship |
| 11:36 | Build | Dock |
| 12:03 | Build | Dock |
| 12:28 | Create | Villager (Male) |
| 12:33 | Build | House |
| 12:40 | Age | Feudal Age |
| 12:46 | Create | Unit 2626 |
| 12:47 | Create | Unit 2626 |
| 12:51 | Create | Villager (Male) |
| 12:52 | Create | Villager (Male) |
| 13:03 | Create | Unit 2626 |
| 13:06 | Research | Tech 906 |
| 13:10 | Build | House |
| 13:13 | Create | Villager (Male) |
| 13:14 | Create | Villager (Male) |
| 13:30 | Create | Unit 2626 |
| 13:38 | Build | House |
| 14:06 | Create | Unit 2626 |
| 14:17 | Create | Unit 2626 |
| 14:36 | Create | Villager (Male) |
| 14:37 | Create | Villager (Male) |
| 14:47 | Create | Unit 2626 |
| 14:50 | Build | Lumber Camp |
| 14:54 | Build | House |
| 14:55 | Build | House |
| 14:58 | Create | Villager (Male) |
| 15:06 | Create | Villager (Male) |
| 15:06 | Create | Villager (Male) |
| 15:12 | Create | Unit 2626 |
| 15:27 | Create | Villager (Male) |
| 15:31 | Research | Double-Bit Axe |
| 15:35 | Create | Villager (Male) |
| 16:12 | Create | Unit 2626 |
| 16:13 | Create | Villager (Male) |
| 16:14 | Create | Villager (Male) |
| 16:19 | Build | Mill |
| 16:25 | Create | Villager (Male) |
| 16:28 | Build | Blacksmith |
| 16:31 | Build | House |
| 16:36 | Create | Villager (Male) |
| 16:43 | Create | Unit 2626 |
| 16:52 | Create | Villager (Male) |
| 17:05 | Create | Unit 2626 |
| 17:34 | Create | Villager (Male) |
| 17:38 | Build | Market |
| 17:41 | Build | Palisade Wall |
| 17:42 | Build | Palisade Wall |
| 17:45 | Create | Villager (Male) |
| 17:46 | Create | Villager (Male) |
| 17:49 | Create | Unit 2626 |
| 18:03 | Create | Fire Galley |
| 18:06 | Create | Villager (Male) |
| 18:06 | Create | Villager (Male) |
| 18:25 | Build | Mining Camp |
| 18:36 | Research | Forging |
| 18:44 | Build | Dock |
| 18:45 | Research | Castle Age |
| 18:59 | Create | Fire Galley |
| 19:14 | Build | Palisade Gate |
| 19:21 | Research | Horse Collar |
| 19:21 | Research | Horse Collar |
| 19:38 | Create | Unit 2626 |
| 19:48 | Create | Unit 2626 |
| 19:49 | Build | House |
| 19:55 | Create | Unit 2626 |
| 20:01 | Create | Unit 2626 |
| 20:14 | Research | Gold Mining |
| 20:24 | Build | Palisade Wall |
| 20:35 | Create | Unit 2626 |
| 20:36 | Build | House |
| 21:25 | Age | Castle Age |
| 21:32 | Research | War Galley (upgrade) |
| 21:32 | Research | War Galley (upgrade) |
| 21:43 | Build | Town Center |
| 21:45 | Research | Bow Saw |
| 22:12 | Research | Wheelbarrow |
| 22:23 | Research | Gillnets |
| 22:33 | Create | Unit 2626 |
| 22:35 | Create | Villager (Male) |
| 22:35 | Create | Villager (Male) |
| 22:40 | Build | House |
| 22:51 | Create | Villager (Male) |
| 23:30 | Create | Fire Galley |
| 23:31 | Create | Fire Galley |
| 23:31 | Create | Unit 2626 |
| 23:34 | Create | Villager (Male) |
| 23:51 | Build | Town Center |
| 24:07 | Create | Villager (Male) |
| 24:13 | Build | Dock |
| 24:21 | Build | House |
| 24:27 | Create | Villager (Male) |
| 24:27 | Create | Villager (Male) |
| 24:32 | Build | House |
| 24:32 | Build | House |
| 24:49 | Research | Town Watch |
| 24:49 | Research | Town Watch |
| 24:52 | Create | Fishing Ship |
| 24:52 | Create | Fishing Ship |
| 25:00 | Build | House |
| 25:03 | Create | Villager (Male) |
| 25:18 | Create | Fishing Ship |
| 25:18 | Create | Fishing Ship |
| 25:19 | Build | House |
| 25:27 | Build | House |
| 25:27 | Build | House |
| 25:31 | Create | Villager (Male) |
| 25:31 | Create | Villager (Male) |
| 25:42 | Build | House |
| 25:48 | Build | Town Center |
| 26:00 | Create | Fishing Ship |
Build order — uttuananh1989
First 150 of 411 actions detected
| 0:09 | Build | Town Center |
| 1:13 | Build | Dock |
| 1:15 | Build | House |
| 2:30 | Create | Villager (Male) |
| 2:30 | Create | Villager (Male) |
| 2:30 | Create | Villager (Male) |
| 2:30 | Create | Villager (Male) |
| 3:47 | Create | Fishing Ship |
| 3:47 | Create | Fishing Ship |
| 4:02 | Research | Loom |
| 4:02 | Research | Loom |
| 4:13 | Create | Villager (Male) |
| 4:13 | Create | Villager (Male) |
| 4:24 | Build | House |
| 4:52 | Create | Fishing Ship |
| 4:53 | Create | Fishing Ship |
| 5:38 | Create | Villager (Male) |
| 5:41 | Create | Fishing Ship |
| 5:41 | Create | Fishing Ship |
| 6:02 | Create | Villager (Male) |
| 6:02 | Create | Villager (Male) |
| 6:21 | Create | Villager (Male) |
| 6:21 | Create | Villager (Male) |
| 6:36 | Build | House |
| 6:48 | Create | Villager (Male) |
| 6:48 | Create | Villager (Male) |
| 6:51 | Create | Villager (Male) |
| 6:52 | Create | Villager (Male) |
| 7:01 | Create | Fishing Ship |
| 7:01 | Create | Fishing Ship |
| 7:38 | Create | Villager (Male) |
| 7:42 | Build | House |
| 7:51 | Create | Villager (Male) |
| 7:51 | Create | Villager (Male) |
| 8:00 | Create | Villager (Male) |
| 8:00 | Create | Villager (Male) |
| 8:01 | Create | Villager (Male) |
| 8:11 | Create | Fishing Ship |
| 8:32 | Build | Lumber Camp |
| 9:00 | Create | Villager (Male) |
| 9:30 | Create | Villager (Male) |
| 9:35 | Build | House |
| 9:40 | Create | Fishing Ship |
| 9:50 | Build | Mill |
| 10:15 | Create | Villager (Male) |
| 10:40 | Create | Villager (Male) |
| 10:47 | Create | Fishing Ship |
| 11:00 | Create | Villager (Male) |
| 11:15 | Build | Mining Camp |
| 11:17 | Create | Villager (Male) |
| 11:33 | Research | Feudal Age |
| 11:33 | Research | Feudal Age |
| 11:44 | Build | Barracks |
| 12:16 | Build | House |
| 13:03 | Create | Villager (Male) |
| 13:03 | Create | Villager (Male) |
| 13:35 | Build | Palisade Wall |
| 13:38 | Build | Dock |
| 13:41 | Create | Villager (Male) |
| 13:43 | Age | Feudal Age |
| 13:50 | Build | Stable |
| 14:21 | Build | Blacksmith |
| 14:45 | Research | Tech 906 |
| 14:49 | Research | Castle Age |
| 14:49 | Research | Castle Age |
| 14:49 | Research | Castle Age |
| 15:02 | Build | House |
| 15:09 | Create | Fishing Ship |
| 15:22 | Create | Scout Cavalry |
| 15:29 | Create | Scout Cavalry |
| 15:59 | Research | Double-Bit Axe |
| 16:13 | Research | Scale Barding Armor |
| 16:28 | Create | Scout Cavalry |
| 16:28 | Create | Scout Cavalry |
| 16:41 | Build | Farm |
| 16:42 | Build | Farm |
| 16:59 | Create | Unit 2626 ×4 |
| 17:32 | Create | Villager (Male) |
| 17:38 | Age | Castle Age |
| 17:38 | Research | Scale Mail Armor |
| 17:38 | Research | Scale Mail Armor |
| 17:41 | Create | Knight |
| 17:46 | Build | House |
| 17:49 | Create | Villager (Male) |
| 18:19 | Create | Villager (Male) |
| 18:19 | Create | Villager (Male) |
| 18:22 | Build | Town Center |
| 18:34 | Research | War Galley (upgrade) |
| 18:34 | Research | War Galley (upgrade) |
| 18:51 | Create | Villager (Male) |
| 19:08 | Create | Villager (Male) |
| 19:18 | Create | Villager (Male) |
| 19:21 | Build | Archery Range |
| 19:26 | Research | Gold Mining |
| 19:26 | Research | Gold Mining |
| 19:39 | Create | Villager (Male) |
| 19:39 | Create | Villager (Male) |
| 19:39 | Create | Villager (Male) |
| 20:09 | Build | Archery Range |
| 20:12 | Create | Cavalry Archer |
| 20:12 | Create | Cavalry Archer |
| 20:18 | Create | Cavalry Archer |
| 20:19 | Create | Villager (Male) |
| 20:19 | Create | Villager (Male) |
| 20:20 | Create | Villager (Male) |
| 20:22 | Create | Villager (Male) |
| 20:22 | Create | Villager (Male) |
| 20:28 | Research | Horse Collar |
| 20:28 | Research | Horse Collar |
| 20:40 | Create | Unit 2626 |
| 20:52 | Create | Villager (Male) |
| 20:52 | Create | Villager (Male) |
| 20:55 | Build | House |
| 20:58 | Create | Cavalry Archer |
| 20:58 | Create | Cavalry Archer |
| 21:07 | Create | Villager (Male) |
| 21:13 | Build | Farm |
| 21:13 | Build | Farm |
| 21:20 | Build | University |
| 21:27 | Build | House |
| 21:30 | Create | Cavalry Archer ×2 |
| 21:30 | Create | Cavalry Archer ×2 |
| 21:33 | Build | Farm |
| 21:38 | Create | Villager (Male) |
| 21:39 | Create | Villager (Male) |
| 21:39 | Create | Villager (Male) |
| 21:51 | Build | House |
| 21:51 | Build | House |
| 21:59 | Research | Fletching |
| 21:59 | Research | Fletching |
| 22:00 | Create | Cavalry Archer |
| 22:00 | Create | Cavalry Archer |
| 22:07 | Build | Farm |
| 22:09 | Build | Farm |
| 22:11 | Create | Villager (Male) |
| 22:12 | Create | Villager (Male) |
| 22:13 | Create | Villager (Male) |
| 22:13 | Create | Villager (Male) |
| 22:23 | Build | House |
| 22:38 | Create | Villager (Male) |
| 22:38 | Create | Villager (Male) |
| 22:41 | Create | Cavalry Archer |
| 22:41 | Create | Cavalry Archer |
| 22:41 | Create | Cavalry Archer |
| 22:52 | Build | Farm |
| 22:53 | Build | Farm |
| 23:03 | Build | Dock |
| 23:15 | Build | Lumber Camp |
| 23:17 | Create | Villager (Male) |
| 23:17 | Create | Villager (Male) |
Build order — Sói
First 150 of 419 actions detected
| 0:05 | Build | Town Center |
| 0:17 | Build | House |
| 0:18 | Build | Dock |
| 2:29 | Create | Villager (Male) |
| 2:29 | Create | Villager (Male) |
| 2:30 | Create | Villager (Male) |
| 2:30 | Create | Villager (Male) |
| 2:30 | Create | Villager (Male) |
| 3:20 | Create | Villager (Male) |
| 3:20 | Create | Villager (Male) |
| 4:09 | Create | Fishing Ship |
| 4:09 | Create | Fishing Ship |
| 4:34 | Create | Villager (Male) |
| 4:34 | Create | Villager (Male) |
| 5:04 | Create | Villager (Male) |
| 5:08 | Research | Loom |
| 5:11 | Create | Villager (Male) |
| 5:11 | Create | Villager (Male) |
| 5:12 | Build | House |
| 5:39 | Create | Fishing Ship |
| 5:41 | Create | Villager (Male) |
| 5:57 | Build | House |
| 6:08 | Create | Villager (Male) |
| 6:21 | Create | Fishing Ship |
| 6:21 | Create | Fishing Ship |
| 6:34 | Create | Villager (Male) |
| 6:34 | Create | Villager (Male) |
| 6:58 | Create | Villager (Male) |
| 7:08 | Create | Fishing Ship |
| 7:11 | Build | Palisade Wall |
| 7:12 | Build | Palisade Wall |
| 7:13 | Create | Villager (Male) |
| 7:13 | Create | Villager (Male) |
| 7:29 | Build | House |
| 7:41 | Create | Villager (Male) |
| 7:41 | Create | Villager (Male) |
| 8:05 | Create | Fishing Ship |
| 8:05 | Create | Fishing Ship |
| 8:11 | Build | House |
| 8:12 | Build | Palisade Wall |
| 8:24 | Create | Villager (Male) |
| 8:27 | Create | Villager (Male) |
| 8:48 | Create | Fishing Ship |
| 8:49 | Create | Fishing Ship |
| 9:05 | Create | Villager (Male) |
| 9:10 | Create | Villager (Male) |
| 9:10 | Create | Villager (Male) |
| 9:17 | Create | Villager (Male) |
| 9:17 | Create | Villager (Male) |
| 9:17 | Create | Villager (Male) |
| 9:20 | Create | Fishing Ship |
| 9:28 | Create | Villager (Male) |
| 9:37 | Create | Villager (Male) |
| 10:09 | Create | Fishing Ship |
| 10:33 | Build | Mining Camp |
| 11:03 | Build | Mill |
| 11:10 | Research | Feudal Age |
| 12:07 | Build | House |
| 12:45 | Create | Villager (Male) |
| 12:48 | Create | Villager (Male) |
| 13:20 | Age | Feudal Age |
| 13:22 | Build | Market |
| 13:35 | Build | Blacksmith |
| 13:50 | Research | Town Watch |
| 14:00 | Build | Mining Camp |
| 14:20 | Research | Castle Age |
| 14:31 | Build | House |
| 14:48 | Build | Lumber Camp |
| 15:40 | Build | Dock |
| 15:53 | Research | Double-Bit Axe |
| 15:54 | Research | Double-Bit Axe |
| 16:12 | Build | Palisade Wall |
| 16:13 | Build | Palisade Wall |
| 16:15 | Build | Palisade Wall |
| 16:22 | Build | Palisade Wall |
| 16:23 | Build | Palisade Wall |
| 16:24 | Build | Palisade Wall |
| 16:27 | Build | Palisade Wall |
| 17:00 | Create | Villager (Male) |
| 17:00 | Age | Castle Age |
| 17:12 | Build | Town Center |
| 17:20 | Create | Villager (Male) |
| 17:30 | Create | Villager (Male) |
| 17:52 | Build | Palisade Wall |
| 17:55 | Build | Palisade Gate |
| 18:05 | Research | Bow Saw |
| 18:09 | Create | Villager (Male) |
| 18:19 | Research | Town Watch |
| 18:27 | Create | Villager (Male) |
| 18:50 | Build | Castle |
| 18:56 | Create | Villager (Male) |
| 18:58 | Create | Villager (Male) |
| 19:15 | Create | Villager (Male) |
| 19:25 | Create | Villager (Male) |
| 19:38 | Create | Villager (Male) |
| 19:39 | Create | Villager (Male) |
| 19:45 | Build | Palisade Wall |
| 20:19 | Build | Town Center |
| 20:24 | Create | Ratha (Ranged) |
| 20:38 | Create | Villager (Male) |
| 20:38 | Create | Villager (Male) |
| 20:40 | Research | Fletching |
| 20:40 | Research | Fletching |
| 20:41 | Create | Ratha (Ranged) |
| 20:41 | Create | Ratha (Ranged) |
| 20:49 | Create | Villager (Male) |
| 21:04 | Build | University |
| 21:05 | Create | Villager (Male) |
| 21:12 | Research | Horse Collar |
| 21:13 | Create | Villager (Male) |
| 21:18 | Create | Villager (Male) |
| 21:32 | Create | Ratha (Ranged) |
| 21:40 | Create | Villager (Male) |
| 21:59 | Create | Villager (Male) |
| 22:00 | Create | Villager (Male) |
| 22:12 | Create | Ratha (Ranged) |
| 22:24 | Build | Palisade Gate |
| 22:35 | Build | Palisade Gate |
| 22:43 | Create | Villager (Male) |
| 22:44 | Create | Villager (Male) |
| 22:45 | Create | Villager (Male) |
| 22:59 | Build | Farm |
| 22:59 | Build | Farm |
| 22:59 | Build | Farm |
| 22:59 | Build | Farm |
| 22:59 | Build | Farm |
| 23:01 | Create | Ratha (Ranged) |
| 23:02 | Create | Ratha (Ranged) |
| 23:02 | Create | Ratha (Ranged) |
| 23:14 | Create | Villager (Male) |
| 23:18 | Build | Farm |
| 23:20 | Build | Farm |
| 23:21 | Build | Farm |
| 23:21 | Build | Farm |
| 23:31 | Create | Villager (Male) |
| 23:32 | Create | Villager (Male) |
| 23:35 | Research | Ballistics |
| 23:41 | Build | Farm |
| 23:42 | Build | Farm |
| 23:43 | Build | Farm |
| 23:43 | Build | Farm |
| 23:46 | Build | Farm |
| 23:51 | Create | Villager (Male) |
| 23:51 | Create | Villager (Male) |
| 23:52 | Create | Villager (Male) |
| 23:54 | Build | House |
| 24:14 | Create | Ratha (Ranged) |
| 24:17 | Research | Wheelbarrow |
| 24:19 | Build | House |
| 24:19 | Build | House |
Build order — Gờ Gờ
First 150 of 412 actions detected
| 0:18 | Build | Town Center |
| 1:51 | Build | Dock |
| 1:54 | Build | House |
| 2:33 | Create | Villager (Male) |
| 2:33 | Create | Villager (Male) |
| 2:34 | Create | Villager (Male) |
| 2:34 | Create | Villager (Male) |
| 3:47 | Create | Fishing Ship |
| 3:47 | Create | Fishing Ship |
| 4:00 | Build | Palisade Wall |
| 4:29 | Create | Villager (Male) |
| 4:54 | Build | House |
| 4:58 | Create | Villager (Male) |
| 5:19 | Create | Fishing Ship |
| 5:20 | Create | Fishing Ship |
| 5:34 | Create | Villager (Male) |
| 6:01 | Create | Villager (Male) |
| 6:11 | Build | House |
| 6:29 | Create | Villager (Male) |
| 6:39 | Create | Fishing Ship |
| 6:41 | Create | Villager (Male) |
| 6:54 | Build | House |
| 7:00 | Create | Villager (Male) |
| 7:23 | Create | Villager (Male) |
| 7:28 | Create | Fishing Ship |
| 7:28 | Create | Fishing Ship |
| 7:58 | Create | Fishing Ship |
| 7:59 | Create | Villager (Male) |
| 8:22 | Build | House |
| 8:28 | Create | Villager (Male) |
| 8:28 | Create | Villager (Male) |
| 8:28 | Create | Villager (Male) |
| 8:34 | Create | Fishing Ship |
| 8:34 | Create | Fishing Ship |
| 8:39 | Create | Villager (Male) |
| 8:44 | Build | House |
| 8:53 | Create | Fishing Ship |
| 9:08 | Build | House |
| 9:11 | Build | Palisade Wall |
| 9:15 | Build | Palisade Wall |
| 9:19 | Create | Villager (Male) |
| 9:36 | Create | Villager (Male) |
| 9:54 | Build | House |
| 9:57 | Create | Fishing Ship |
| 10:18 | Research | Loom |
| 10:18 | Research | Loom |
| 10:27 | Build | Mining Camp |
| 10:43 | Create | Villager (Male) |
| 10:55 | Build | House |
| 11:09 | Research | Feudal Age |
| 11:10 | Research | Feudal Age |
| 11:15 | Build | Palisade Wall |
| 11:20 | Create | Villager (Male) |
| 11:36 | Build | House |
| 12:13 | Create | Fishing Ship |
| 12:26 | Build | Barracks |
| 12:28 | Build | House |
| 12:35 | Build | Mill |
| 13:02 | Build | House |
| 13:06 | Build | House |
| 13:19 | Age | Feudal Age |
| 13:31 | Build | Palisade Wall |
| 13:36 | Build | Stable |
| 13:41 | Create | Villager (Male) |
| 13:53 | Build | Blacksmith |
| 13:56 | Build | House |
| 14:01 | Create | Villager (Male) |
| 14:52 | Research | Castle Age |
| 14:53 | Research | Castle Age |
| 14:54 | Create | Scout Cavalry |
| 15:11 | Create | Unit 2626 |
| 15:18 | Build | House |
| 15:20 | Build | Palisade Wall |
| 15:40 | Build | House |
| 15:46 | Create | Scout Cavalry |
| 15:51 | Build | Lumber Camp |
| 16:14 | Create | Spearman |
| 16:25 | Create | Villager (Male) |
| 16:28 | Research | Double-Bit Axe |
| 16:59 | Create | Villager (Male) |
| 17:28 | Create | Villager (Male) |
| 17:32 | Age | Castle Age |
| 17:38 | Create | Villager (Male) |
| 17:52 | Build | Town Center |
| 17:57 | Create | Knight |
| 18:01 | Build | Farm |
| 18:02 | Build | Farm |
| 18:13 | Create | Villager (Male) |
| 18:18 | Create | Knight |
| 18:21 | Create | Villager (Male) |
| 18:31 | Build | Town Center |
| 18:45 | Create | Villager (Male) |
| 19:14 | Create | Villager (Male) |
| 19:35 | Create | Villager (Male) |
| 19:35 | Create | Villager (Male) |
| 19:44 | Build | Farm |
| 19:47 | Build | Farm |
| 20:18 | Create | Villager (Male) |
| 20:21 | Build | Monastery |
| 20:22 | Create | Villager (Male) ×2 |
| 20:26 | Build | Farm |
| 20:30 | Build | House |
| 20:39 | Build | Dock |
| 20:43 | Create | Villager (Male) ×2 |
| 20:54 | Create | Villager (Male) |
| 20:58 | Build | Farm |
| 20:59 | Build | Farm |
| 21:01 | Build | Farm |
| 21:02 | Build | Farm |
| 21:02 | Build | Farm |
| 21:05 | Build | Farm |
| 21:12 | Build | House |
| 21:15 | Create | Monk |
| 21:17 | Create | Knight |
| 21:25 | Build | House |
| 21:38 | Build | Farm |
| 21:39 | Build | Farm |
| 21:39 | Create | Villager (Male) |
| 21:50 | Create | Villager (Male) |
| 21:54 | Build | Farm |
| 21:55 | Create | Villager (Male) |
| 22:04 | Build | House |
| 22:07 | Build | House |
| 22:23 | Create | Villager (Male) ×2 |
| 22:27 | Create | Fishing Ship |
| 22:30 | Build | House |
| 22:32 | Build | House |
| 22:35 | Create | Monk |
| 22:55 | Create | Villager (Male) ×4 |
| 23:04 | Build | House |
| 23:08 | Build | House |
| 23:12 | Build | House |
| 23:15 | Create | Monk |
| 23:17 | Build | Monastery |
| 23:30 | Research | Wheelbarrow |
| 23:31 | Research | Wheelbarrow |
| 23:43 | Build | House |
| 23:48 | Create | Villager (Male) |
| 23:51 | Build | Farm |
| 23:53 | Create | Monk |
| 23:53 | Create | Monk |
| 24:05 | Create | Villager (Male) |
| 24:07 | Create | Villager (Male) |
| 24:14 | Build | Market |
| 24:14 | Create | Villager (Male) |
| 24:19 | Create | Monk ×3 |
| 24:24 | Research | Fervor |
| 24:25 | Research | Sanctity |
| 24:25 | Research | Sanctity |
| 24:26 | Create | Villager (Male) |
Build order — bathi90dn
First 150 of 273 actions detected
| 0:09 | Build | Town Center |
| 1:06 | Build | Dock |
| 1:14 | Build | House |
| 2:27 | Create | Villager (Male) ×4 |
| 3:40 | Create | Fishing Ship |
| 4:05 | Research | Loom |
| 4:29 | Create | Villager (Male) |
| 4:42 | Build | House |
| 5:04 | Create | Fishing Ship |
| 5:08 | Create | Villager (Male) |
| 5:35 | Create | Villager (Male) |
| 5:52 | Create | Fishing Ship |
| 6:14 | Build | House |
| 6:21 | Create | Villager (Male) |
| 6:24 | Create | Villager (Male) |
| 6:52 | Create | Fishing Ship |
| 6:58 | Create | Villager (Male) |
| 7:25 | Create | Villager (Male) |
| 7:28 | Create | Fishing Ship |
| 7:48 | Build | House |
| 7:55 | Create | Villager (Male) |
| 8:11 | Create | Villager (Male) |
| 8:20 | Create | Fishing Ship |
| 8:32 | Create | Villager (Male) |
| 8:44 | Create | Villager (Male) |
| 9:02 | Build | Lumber Camp |
| 9:03 | Create | Villager (Male) |
| 9:22 | Build | House |
| 9:49 | Create | Villager (Male) |
| 9:51 | Create | Fishing Ship |
| 10:31 | Create | Villager (Male) |
| 10:39 | Build | Mining Camp |
| 10:54 | Build | House |
| 10:55 | Research | Feudal Age |
| 10:55 | Research | Feudal Age |
| 12:24 | Build | Dock |
| 12:52 | Build | Mill |
| 13:05 | Build | House |
| 13:06 | Age | Feudal Age |
| 13:08 | Create | Unit 2626 |
| 13:10 | Create | Unit 2626 |
| 13:13 | Create | Villager (Male) |
| 13:13 | Create | Villager (Male) |
| 13:20 | Build | Barracks |
| 13:49 | Create | Villager (Male) |
| 13:55 | Create | Villager (Male) |
| 14:20 | Build | Archery Range |
| 14:36 | Create | Villager (Male) |
| 15:06 | Build | Blacksmith |
| 15:13 | Build | Lumber Camp |
| 15:15 | Create | Villager (Male) |
| 15:57 | Research | Castle Age |
| 16:18 | Build | Archery Range |
| 16:20 | Build | House |
| 16:20 | Build | House |
| 17:42 | Research | Wheelbarrow |
| 18:37 | Age | Castle Age |
| 18:39 | Build | University |
| 18:43 | Build | Siege Workshop |
| 18:44 | Create | Villager (Male) |
| 19:03 | Build | Palisade Wall |
| 19:19 | Research | Double-Bit Axe |
| 19:26 | Research | Ballistics |
| 19:30 | Research | Chemistry |
| 19:35 | Create | Mangonel |
| 19:37 | Build | House |
| 19:41 | Build | Archery Range |
| 19:57 | Create | Villager (Male) |
| 19:58 | Create | Villager (Male) |
| 20:24 | Create | Scorpion |
| 20:50 | Create | Hand Cannoneer ×5 |
| 20:55 | Create | Hand Cannoneer ×3 |
| 21:22 | Create | Hand Cannoneer |
| 21:42 | Create | Hand Cannoneer |
| 21:57 | Create | Hand Cannoneer |
| 22:05 | Build | Town Center |
| 22:31 | Create | Hand Cannoneer |
| 22:42 | Create | Hand Cannoneer |
| 22:46 | Create | Villager (Male) |
| 22:47 | Create | Villager (Male) |
| 22:49 | Research | Padded Archer Armor |
| 23:00 | Build | Lumber Camp |
| 23:11 | Create | Fishing Ship |
| 23:13 | Create | Fishing Ship |
| 23:17 | Create | Hand Cannoneer |
| 23:20 | Create | Villager (Male) |
| 23:22 | Build | Farm |
| 23:23 | Build | Farm |
| 23:24 | Build | Farm |
| 23:26 | Research | Horse Collar |
| 23:43 | Create | Hand Cannoneer |
| 24:24 | Create | Hand Cannoneer |
| 25:04 | Create | Hand Cannoneer ×4 |
| 25:10 | Build | Farm |
| 25:11 | Build | Farm |
| 25:12 | Build | Farm |
| 25:12 | Build | Farm |
| 25:19 | Create | Fishing Ship |
| 25:20 | Create | Fishing Ship |
| 25:50 | Create | Hand Cannoneer ×3 |
| 25:55 | Build | Archery Range |
| 26:04 | Build | Farm |
| 26:04 | Build | Farm |
| 26:05 | Build | Farm |
| 26:06 | Build | Farm |
| 26:15 | Build | Town Center |
| 26:21 | Create | Hand Cannoneer |
| 26:26 | Create | Villager (Male) |
| 26:32 | Create | Hand Cannoneer |
| 26:32 | Create | Hand Cannoneer |
| 26:39 | Create | Villager (Male) |
| 26:52 | Build | House |
| 26:52 | Build | House |
| 26:52 | Build | House |
| 26:53 | Build | House |
| 26:53 | Build | House |
| 27:28 | Create | Hand Cannoneer ×5 |
| 27:40 | Create | Villager (Male) |
| 27:44 | Create | Villager (Male) |
| 27:44 | Create | Villager (Male) |
| 27:55 | Create | Hand Cannoneer ×2 |
| 28:38 | Create | Hand Cannoneer ×2 |
| 28:41 | Create | Villager (Male) |
| 28:43 | Create | Villager (Male) |
| 28:44 | Create | Villager (Male) |
| 28:45 | Create | Villager (Male) |
| 28:45 | Create | Villager (Male) |
| 29:02 | Create | Hand Cannoneer ×2 |
| 29:09 | Build | Town Center |
| 29:15 | Build | House |
| 29:16 | Build | House |
| 29:16 | Build | House |
| 29:35 | Create | Hand Cannoneer |
| 29:35 | Create | Hand Cannoneer |
| 29:43 | Create | Villager (Male) |
| 29:44 | Build | House |
| 29:44 | Build | House |
| 29:45 | Build | House |
| 29:45 | Build | House |
| 29:45 | Build | House |
| 30:15 | Research | Ballistics |
| 30:16 | Research | Ballistics |
| 30:46 | Build | Siege Workshop |
| 30:48 | Create | Hand Cannoneer ×2 |
| 31:13 | Research | Leather Archer Armor |
| 31:17 | Create | Villager (Male) |
| 31:19 | Create | Villager (Male) ×5 |
| 31:52 | Create | Scorpion |
| 31:53 | Create | Scorpion |
| 32:02 | Create | Hand Cannoneer ×2 |
Build order — Gun™
First 150 of 298 actions detected
| 0:17 | Build | Town Center |
| 0:44 | Build | Dock |
| 0:45 | Build | House |
| 2:36 | Create | Villager (Male) |
| 2:36 | Create | Villager (Male) |
| 2:36 | Create | Villager (Male) |
| 2:37 | Create | Villager (Male) |
| 3:45 | Create | Fishing Ship |
| 3:46 | Create | Fishing Ship |
| 3:50 | Create | Villager (Male) |
| 4:26 | Build | House |
| 4:49 | Research | Loom |
| 5:03 | Create | Villager (Male) |
| 5:03 | Create | Villager (Male) |
| 5:15 | Create | Villager (Male) |
| 5:38 | Create | Villager (Male) |
| 5:56 | Create | Fishing Ship |
| 5:59 | Create | Villager (Male) |
| 6:05 | Build | House |
| 6:25 | Create | Villager (Male) |
| 6:31 | Build | House |
| 6:51 | Build | House |
| 6:55 | Build | House |
| 6:58 | Create | Villager (Male) |
| 7:20 | Create | Fishing Ship |
| 7:25 | Create | Villager (Male) |
| 7:50 | Create | Fishing Ship |
| 7:57 | Create | Villager (Male) |
| 8:22 | Create | Villager (Male) |
| 8:43 | Create | Villager (Male) |
| 8:47 | Create | Fishing Ship |
| 8:47 | Create | Fishing Ship |
| 9:10 | Create | Fishing Ship |
| 9:28 | Build | Palisade Wall |
| 9:34 | Create | Villager (Male) |
| 9:34 | Create | Villager (Male) |
| 9:58 | Build | Palisade Wall |
| 9:59 | Build | Palisade Wall |
| 10:00 | Create | Villager (Male) |
| 10:02 | Create | Villager (Male) |
| 10:25 | Build | Palisade Wall |
| 10:36 | Build | Lumber Camp |
| 11:06 | Build | Mining Camp |
| 11:13 | Research | Feudal Age |
| 11:33 | Build | Palisade Wall |
| 11:54 | Build | Mill |
| 12:36 | Build | Palisade Wall |
| 12:50 | Build | Dock |
| 12:55 | Build | Palisade Wall |
| 12:56 | Build | Palisade Wall |
| 13:24 | Age | Feudal Age |
| 13:27 | Create | Villager (Male) |
| 13:27 | Create | Villager (Male) |
| 13:29 | Research | Double-Bit Axe |
| 13:31 | Research | Tech 906 |
| 13:53 | Create | Unit 2626 |
| 13:58 | Build | House |
| 14:01 | Create | Villager (Male) |
| 14:02 | Create | Villager (Male) |
| 14:10 | Build | Palisade Wall |
| 14:21 | Create | Unit 2626 |
| 14:29 | Create | Unit 2626 |
| 14:29 | Create | Unit 2626 |
| 14:32 | Build | House |
| 14:35 | Build | House |
| 15:15 | Create | Villager (Male) |
| 15:16 | Create | Villager (Male) |
| 15:25 | Build | Barracks |
| 15:27 | Create | Villager (Male) |
| 16:13 | Build | Blacksmith |
| 16:16 | Create | Villager (Male) |
| 16:38 | Create | Villager (Male) |
| 16:42 | Build | Archery Range |
| 17:04 | Create | Fishing Ship |
| 17:04 | Create | Fishing Ship |
| 17:15 | Create | Villager (Male) |
| 17:22 | Build | Archery Range |
| 17:48 | Create | Villager (Male) |
| 17:55 | Build | Lumber Camp |
| 17:56 | Create | Villager (Male) |
| 18:12 | Create | Spearman |
| 18:36 | Create | Unit 2626 |
| 18:36 | Create | Unit 2626 |
| 18:38 | Research | Castle Age |
| 18:38 | Research | Castle Age |
| 19:20 | Create | Unit 2626 ×3 |
| 19:22 | Create | Villager (Male) |
| 19:35 | Create | Spearman |
| 19:53 | Build | Stable |
| 19:58 | Create | Spearman |
| 20:01 | Research | Gold Mining |
| 20:02 | Research | Horse Collar |
| 20:06 | Build | House |
| 20:06 | Build | House |
| 20:07 | Build | House |
| 20:23 | Create | Scout Cavalry |
| 20:50 | Create | Villager (Male) |
| 20:50 | Create | Villager (Male) |
| 21:18 | Age | Castle Age |
| 21:21 | Create | Unit 1944 |
| 21:29 | Create | Unit 1952 |
| 21:29 | Create | Unit 1952 |
| 21:29 | Create | Unit 1952 |
| 21:31 | Research | Fletching |
| 21:32 | Create | Unit 1952 |
| 21:33 | Create | Unit 1952 |
| 21:45 | Create | Villager (Male) |
| 22:10 | Build | Town Center |
| 22:23 | Create | Unit 1952 |
| 22:23 | Create | Unit 1952 |
| 22:23 | Create | Unit 1952 |
| 22:23 | Create | Unit 1952 |
| 22:49 | Create | Villager (Male) |
| 22:53 | Build | Siege Workshop |
| 22:55 | Create | Villager (Male) |
| 22:56 | Research | Bow Saw |
| 23:32 | Build | Farm |
| 23:32 | Build | Farm |
| 23:32 | Build | Farm |
| 23:33 | Build | Farm |
| 23:40 | Create | Unit 1952 |
| 23:40 | Create | Unit 1952 |
| 23:48 | Create | Villager (Male) |
| 23:48 | Create | Villager (Male) |
| 23:51 | Create | Villager (Male) |
| 24:08 | Create | Villager (Male) |
| 24:25 | Create | Mangonel |
| 24:25 | Create | Mangonel |
| 24:58 | Create | Unit 1952 |
| 24:59 | Create | Unit 1952 |
| 25:00 | Create | Unit 1952 |
| 25:01 | Create | Unit 1952 |
| 25:01 | Create | Unit 1952 |
| 25:01 | Create | Unit 1952 |
| 25:11 | Build | Farm |
| 25:11 | Build | Farm |
| 25:11 | Build | Farm |
| 25:12 | Build | Farm |
| 25:12 | Build | Farm |
| 25:12 | Build | Farm |
| 25:12 | Build | Farm |
| 25:12 | Build | Farm |
| 25:24 | Create | Villager (Male) |
| 25:24 | Create | Villager (Male) |
| 25:25 | Create | Villager (Male) |
| 25:38 | Build | Lumber Camp |
| 25:49 | Create | Villager (Male) |
| 25:50 | Create | Unit 1952 |
| 25:50 | Create | Unit 1952 |
| 25:57 | Create | Villager (Male) |
Build order — 43 Đoàn Quốc Hưng 1990
First 150 of 257 actions detected
| 0:44 | Build | Town Center |
| 1:29 | Build | Dock |
| 1:32 | Build | House |
| 1:35 | Build | Palisade Wall |
| 2:56 | Create | Villager (Male) |
| 2:56 | Create | Villager (Male) |
| 2:58 | Create | Villager (Male) |
| 2:59 | Create | Villager (Male) |
| 4:19 | Create | Fishing Ship |
| 4:31 | Create | Villager (Male) |
| 4:51 | Build | House |
| 5:00 | Create | Villager (Male) |
| 5:33 | Create | Villager (Male) |
| 5:33 | Create | Villager (Male) |
| 5:42 | Create | Fishing Ship |
| 5:57 | Create | Villager (Male) |
| 6:18 | Create | Villager (Male) |
| 6:18 | Create | Villager (Male) |
| 6:39 | Create | Villager (Male) |
| 6:44 | Create | Fishing Ship |
| 6:44 | Create | Fishing Ship |
| 6:49 | Build | House |
| 6:55 | Research | Loom |
| 7:07 | Create | Villager (Male) |
| 7:08 | Create | Villager (Male) |
| 7:08 | Create | Villager (Male) |
| 7:50 | Build | Mill |
| 7:57 | Build | House |
| 8:09 | Create | Villager (Male) |
| 8:22 | Create | Villager (Male) |
| 8:48 | Create | Villager (Male) |
| 9:04 | Create | Villager (Male) |
| 9:11 | Build | House |
| 9:34 | Create | Villager (Male) |
| 9:38 | Create | Fishing Ship |
| 10:11 | Create | Villager (Male) |
| 10:17 | Create | Fishing Ship |
| 10:37 | Create | Villager (Male) |
| 11:00 | Research | Feudal Age |
| 11:34 | Create | Fishing Ship |
| 12:04 | Build | House |
| 12:26 | Create | Fishing Ship |
| 12:38 | Create | Villager (Male) |
| 13:15 | Age | Feudal Age |
| 13:23 | Build | Market |
| 13:31 | Build | House |
| 13:36 | Create | Villager (Male) |
| 13:44 | Build | Blacksmith |
| 13:48 | Build | Palisade Wall |
| 13:51 | Create | Villager (Male) |
| 14:08 | Build | Mining Camp |
| 14:13 | Create | Villager (Male) |
| 14:39 | Research | Castle Age |
| 15:03 | Build | Outpost |
| 15:11 | Build | Lumber Camp |
| 15:17 | Research | Stone Mining |
| 15:17 | Research | Stone Mining |
| 16:23 | Build | Palisade Wall |
| 16:24 | Build | Palisade Wall |
| 16:25 | Build | Palisade Wall |
| 16:32 | Build | House |
| 16:37 | Build | Palisade Wall |
| 16:39 | Build | Palisade Wall |
| 17:20 | Age | Castle Age |
| 17:24 | Build | Palisade Wall |
| 17:36 | Create | Villager (Male) |
| 17:45 | Create | Villager (Male) |
| 17:56 | Create | Villager (Male) |
| 18:18 | Build | Castle |
| 18:43 | Create | Villager (Male) |
| 19:09 | Create | Villager (Male) |
| 19:28 | Research | Tech 906 |
| 19:28 | Research | Tech 906 |
| 19:29 | Create | Villager (Male) |
| 19:33 | Create | Gbeto |
| 19:33 | Create | Gbeto |
| 19:33 | Create | Gbeto |
| 19:53 | Create | Gbeto |
| 19:54 | Create | Gbeto |
| 20:05 | Build | Farm |
| 20:07 | Build | Farm |
| 20:19 | Build | Farm |
| 20:21 | Build | Farm |
| 20:22 | Build | Farm |
| 20:26 | Research | Double-Bit Axe |
| 20:30 | Research | Horse Collar |
| 20:30 | Research | Horse Collar |
| 20:31 | Create | Gbeto |
| 20:31 | Create | Gbeto |
| 20:57 | Build | Farm |
| 21:11 | Create | Villager (Male) |
| 21:20 | Build | Farm |
| 21:24 | Create | Villager (Male) |
| 21:44 | Build | Farm |
| 21:46 | Research | Forging |
| 21:46 | Research | Forging |
| 21:47 | Create | Gbeto |
| 21:47 | Create | Gbeto |
| 21:47 | Create | Gbeto |
| 22:08 | Create | Gbeto |
| 22:45 | Create | Gbeto |
| 22:45 | Create | Gbeto |
| 22:45 | Create | Gbeto |
| 22:46 | Create | Gbeto |
| 23:00 | Research | Bow Saw |
| 23:12 | Research | Fletching |
| 23:13 | Research | Fletching |
| 23:18 | Create | Villager (Male) |
| 23:18 | Create | Villager (Male) |
| 23:32 | Create | Gbeto |
| 23:32 | Create | Gbeto |
| 23:38 | Create | Villager (Male) |
| 23:41 | Build | Farm |
| 24:09 | Create | Gbeto |
| 24:09 | Create | Gbeto |
| 24:51 | Create | Gbeto |
| 24:51 | Create | Gbeto |
| 24:51 | Create | Gbeto |
| 24:52 | Create | Villager (Male) |
| 24:52 | Create | Villager (Male) |
| 25:03 | Create | Villager (Male) |
| 25:09 | Build | Mill |
| 25:11 | Create | Villager (Male) |
| 25:30 | Build | Lumber Camp |
| 25:46 | Research | Scale Mail Armor |
| 26:00 | Create | Villager (Male) |
| 26:17 | Create | Villager (Male) |
| 26:22 | Build | Town Center |
| 26:50 | Create | Villager (Male) |
| 27:04 | Research | Bodkin Arrow |
| 27:04 | Research | Bodkin Arrow |
| 27:32 | Build | House |
| 27:34 | Build | House |
| 27:35 | Build | House |
| 27:42 | Build | Mining Camp |
| 27:45 | Research | Wheelbarrow |
| 27:50 | Build | Farm |
| 27:52 | Build | Farm |
| 27:52 | Create | Villager (Male) |
| 27:54 | Create | Gbeto |
| 27:55 | Create | Gbeto |
| 27:55 | Create | Gbeto |
| 27:55 | Create | Gbeto |
| 28:01 | Build | Farm |
| 28:13 | Research | Padded Archer Armor |
| 28:33 | Create | Villager (Male) |
| 28:41 | Research | Chain Mail Armor |
| 28:41 | Research | Chain Mail Armor |
| 29:06 | Create | Villager (Male) |
| 29:06 | Create | Villager (Male) |
Build order — BĂNG GIÁ PRO
First 150 of 508 actions detected
| 0:05 | Build | Town Center |
| 0:44 | Build | Dock |
| 0:46 | Build | House |
| 2:27 | Create | Villager (Male) |
| 2:27 | Create | Villager (Male) |
| 2:27 | Create | Villager (Male) |
| 2:27 | Create | Villager (Male) |
| 3:43 | Create | Villager (Male) |
| 3:51 | Create | Fishing Ship |
| 4:24 | Build | House |
| 4:30 | Create | Villager (Male) |
| 4:52 | Create | Villager (Male) |
| 5:19 | Create | Villager (Male) |
| 5:27 | Create | Villager (Male) |
| 5:36 | Research | Loom |
| 5:36 | Research | Loom |
| 5:37 | Create | Villager (Male) |
| 5:38 | Create | Fishing Ship |
| 5:39 | Create | Fishing Ship |
| 6:00 | Build | House |
| 6:23 | Create | Villager (Male) |
| 6:23 | Create | Villager (Male) |
| 6:24 | Create | Villager (Male) |
| 6:24 | Create | Villager (Male) |
| 6:34 | Create | Fishing Ship |
| 7:10 | Create | Villager (Male) |
| 7:11 | Create | Villager (Male) |
| 7:27 | Build | House |
| 7:34 | Create | Fishing Ship |
| 8:04 | Create | Villager (Male) |
| 8:04 | Create | Villager (Male) |
| 8:11 | Create | Villager (Male) |
| 8:11 | Create | Villager (Male) |
| 8:24 | Create | Villager (Male) |
| 8:24 | Create | Villager (Male) |
| 8:24 | Create | Villager (Male) |
| 8:32 | Create | Fishing Ship |
| 8:37 | Build | House |
| 8:56 | Build | Lumber Camp |
| 8:58 | Create | Villager (Male) |
| 9:11 | Create | Villager (Male) |
| 9:20 | Create | Villager (Male) |
| 9:20 | Create | Villager (Male) |
| 9:22 | Create | Fishing Ship |
| 9:22 | Create | Fishing Ship |
| 9:44 | Create | Villager (Male) |
| 9:45 | Create | Villager (Male) |
| 9:45 | Create | Villager (Male) |
| 9:47 | Create | Fishing Ship |
| 9:51 | Build | House |
| 10:25 | Build | Mining Camp |
| 10:46 | Build | Mill |
| 10:59 | Create | Fishing Ship |
| 11:28 | Research | Feudal Age |
| 11:47 | Build | Dock |
| 12:24 | Build | House |
| 12:51 | Create | Fishing Ship |
| 12:59 | Create | Villager (Male) |
| 13:02 | Create | Villager (Male) |
| 13:15 | Create | Fishing Ship |
| 13:42 | Age | Feudal Age |
| 13:43 | Build | Market |
| 13:47 | Build | Blacksmith |
| 14:25 | Build | House |
| 14:29 | Build | Palisade Wall |
| 14:38 | Research | Castle Age |
| 14:48 | Create | Unit 2626 |
| 14:48 | Create | Unit 2626 |
| 15:06 | Build | House |
| 15:07 | Build | House |
| 15:10 | Build | Palisade Wall |
| 15:22 | Create | Unit 2626 |
| 15:25 | Create | Unit 2626 |
| 15:44 | Create | Villager (Male) |
| 15:47 | Research | Double-Bit Axe |
| 16:16 | Build | Dock |
| 16:45 | Research | Tech 906 |
| 16:49 | Create | Unit 2626 |
| 16:59 | Create | Villager (Male) |
| 17:01 | Build | Lumber Camp |
| 17:09 | Create | Unit 2626 |
| 17:18 | Age | Castle Age |
| 17:19 | Research | War Galley (upgrade) |
| 17:28 | Research | Bow Saw |
| 17:28 | Research | Bow Saw |
| 17:42 | Research | Gillnets |
| 17:45 | Research | Gillnets |
| 17:46 | Research | Gillnets |
| 17:50 | Create | Villager (Male) |
| 18:13 | Create | Villager (Male) |
| 18:27 | Build | Town Center |
| 18:39 | Create | Villager (Male) |
| 18:54 | Create | Villager (Male) |
| 19:09 | Research | Town Watch |
| 19:10 | Research | Wheelbarrow |
| 19:10 | Research | Wheelbarrow |
| 19:23 | Build | Town Center |
| 19:39 | Create | Villager (Male) |
| 19:41 | Create | Fishing Ship |
| 20:01 | Create | Villager (Male) |
| 20:01 | Create | Villager (Male) |
| 20:09 | Create | Villager (Male) |
| 20:12 | Research | Horse Collar |
| 20:12 | Research | Horse Collar |
| 20:31 | Create | Villager (Male) |
| 20:37 | Create | Fishing Ship |
| 20:37 | Create | Fishing Ship |
| 20:38 | Create | Fishing Ship |
| 20:44 | Build | Dock |
| 20:49 | Create | Villager (Male) |
| 20:53 | Create | Villager (Male) |
| 20:59 | Create | Villager (Male) |
| 21:00 | Research | Gold Mining |
| 21:00 | Research | Gold Mining |
| 21:01 | Research | Gold Mining |
| 21:07 | Create | Villager (Male) |
| 21:07 | Create | Villager (Male) |
| 21:10 | Create | Villager (Male) |
| 21:10 | Create | Villager (Male) |
| 21:15 | Create | Villager (Male) |
| 21:23 | Create | Villager (Male) |
| 21:26 | Create | Villager (Male) |
| 21:29 | Create | Fishing Ship |
| 21:29 | Create | Fishing Ship |
| 21:29 | Create | Fishing Ship |
| 21:34 | Build | House |
| 21:34 | Build | House |
| 21:34 | Build | House |
| 21:35 | Build | House |
| 22:00 | Create | Villager (Male) |
| 22:00 | Create | Villager (Male) |
| 22:06 | Build | House |
| 22:07 | Build | House |
| 22:21 | Research | Hand Cart |
| 22:38 | Create | Unit 2626 |
| 22:39 | Create | Unit 2626 |
| 22:41 | Create | Unit 2626 |
| 22:48 | Create | Villager (Male) |
| 22:48 | Create | Villager (Male) |
| 22:51 | Create | Villager (Male) |
| 22:58 | Research | Heavy Plow |
| 22:58 | Research | Heavy Plow |
| 22:59 | Create | Villager (Male) |
| 22:59 | Create | Villager (Male) |
| 23:19 | Create | Unit 2626 |
| 23:19 | Create | Unit 2626 |
| 23:19 | Create | Unit 2626 |
| 23:19 | Create | Unit 2626 |
| 23:28 | Create | Villager (Male) |
| 23:30 | Build | Farm |
Match timeline
| 0:18 | Sói · first_building Dock |
| 0:44 | Gun™ · first_building Dock |
| 0:44 | BĂNG GIÁ PRO · first_building Dock |
| 1:06 | bathi90dn · first_building Dock |
| 1:13 | uttuananh1989 · first_building Dock |
| 1:29 | 43 Đoàn Quốc Hưng 1990 · first_building Dock |
| 1:33 | Mr.Peo · first_building Dock |
| 1:35 | 43 Đoàn Quốc Hưng 1990 · wall_segment Palisade Wall x1 |
| 1:51 | Gờ Gờ · first_building Dock |
| 4:00 | Gờ Gờ · wall_segment Palisade Wall x1 |
| 7:11 | Sói · wall_segment Palisade Wall x1 |
| 7:12 | Sói · wall_segment Palisade Wall x1 |
| 8:12 | Sói · wall_segment Palisade Wall x5 |
| 9:11 | Gờ Gờ · wall_segment Palisade Wall x1 |
| 9:15 | Gờ Gờ · wall_segment Palisade Wall x1 |
| 9:28 | Gun™ · wall_segment Palisade Wall x10 |
| 9:58 | Gun™ · wall_segment Palisade Wall x4 |
| 9:59 | Gun™ · wall_segment Palisade Wall x1 |
| 10:25 | Gun™ · wall_segment Palisade Wall x8 |
| 11:15 | Gờ Gờ · wall_segment Palisade Wall x1 |
| 11:33 | Gun™ · wall_segment Palisade Wall x10 |
| 11:44 | uttuananh1989 · first_building Barracks |
| 12:26 | Gờ Gờ · first_building Barracks |
| 12:36 | Gun™ · wall_segment Palisade Wall x9 |
| 12:40 | Mr.Peo · age_up feudal |
| 12:55 | Gun™ · wall_segment Palisade Wall x1 |
| 12:56 | Gun™ · wall_segment Palisade Wall x1 |
| 13:06 | bathi90dn · age_up feudal |
| 13:15 | 43 Đoàn Quốc Hưng 1990 · age_up feudal |
| 13:19 | Gờ Gờ · age_up feudal |
| 13:20 | Sói · age_up feudal |
| 13:20 | bathi90dn · first_building Barracks |
| 13:24 | Gun™ · age_up feudal |
| 13:31 | Gờ Gờ · wall_segment Palisade Wall x1 |
| 13:35 | uttuananh1989 · wall_segment Palisade Wall x1 |
| 13:36 | Gờ Gờ · first_building Stable |
| 13:42 | BĂNG GIÁ PRO · age_up feudal |
| 13:43 | uttuananh1989 · age_up feudal |
| 13:48 | 43 Đoàn Quốc Hưng 1990 · wall_segment Palisade Wall x14 |
| 13:50 | uttuananh1989 · first_building Stable |
| 14:10 | Gun™ · wall_segment Palisade Wall x4 |
| 14:20 | bathi90dn · first_building Archery Range |
| 14:29 | BĂNG GIÁ PRO · wall_segment Palisade Wall x10 |
| 15:10 | BĂNG GIÁ PRO · wall_segment Palisade Wall x1 |
| 15:20 | Gờ Gờ · wall_segment Palisade Wall x8 |
| 15:25 | Gun™ · first_building Barracks |
| 16:12 | Sói · wall_segment Palisade Wall x1 |
| 16:13 | Sói · wall_segment Palisade Wall x1 |
| 16:15 | Sói · wall_segment Palisade Wall x1 |
| 16:22 | Sói · wall_segment Palisade Wall x1 |
| 16:23 | Sói · wall_segment Palisade Wall x1 |
| 16:23 | 43 Đoàn Quốc Hưng 1990 · wall_segment Palisade Wall x1 |
| 16:24 | 43 Đoàn Quốc Hưng 1990 · wall_segment Palisade Wall x1 |
| 16:24 | Sói · wall_segment Palisade Wall x1 |
| 16:25 | 43 Đoàn Quốc Hưng 1990 · wall_segment Palisade Wall x1 |
| 16:27 | Sói · wall_segment Palisade Wall x1 |
| 16:37 | 43 Đoàn Quốc Hưng 1990 · wall_segment Palisade Wall x4 |
| 16:39 | 43 Đoàn Quốc Hưng 1990 · wall_segment Palisade Wall x3 |
| 16:42 | Gun™ · first_building Archery Range |
| 17:00 | Sói · age_up castle |
| 17:18 | BĂNG GIÁ PRO · age_up castle |
| 17:20 | 43 Đoàn Quốc Hưng 1990 · age_up castle |
| 17:24 | 43 Đoàn Quốc Hưng 1990 · wall_segment Palisade Wall x2 |
| 17:32 | Gờ Gờ · age_up castle |
| 17:38 | uttuananh1989 · age_up castle |
| 17:41 | Mr.Peo · wall_segment Palisade Wall x1 |
| 17:42 | Mr.Peo · wall_segment Palisade Wall x1 |
| 17:52 | Sói · wall_segment Palisade Wall x1 |
| 18:13 | 43 Đoàn Quốc Hưng 1990 · first_market_buy 100 stone |
| 18:18 | 43 Đoàn Quốc Hưng 1990 · first_building Castle |
| 18:37 | bathi90dn · age_up castle |
| 18:43 | bathi90dn · first_building Siege Workshop |
| 18:50 | Sói · first_building Castle |
| 19:03 | bathi90dn · wall_segment Palisade Wall x1 |
| 19:21 | uttuananh1989 · first_building Archery Range |
| 19:45 | Sói · wall_segment Palisade Wall x1 |
| 19:53 | Gun™ · first_building Stable |
| 20:21 | Gờ Gờ · first_building Monastery |
| 20:24 | Mr.Peo · wall_segment Palisade Wall x13 |
| 21:09 | Sói · first_market_buy 100 food |
| 21:18 | Gun™ · age_up castle |
| 21:25 | Mr.Peo · age_up castle |
| 22:53 | Gun™ · first_building Siege Workshop |
| 22:57 | BĂNG GIÁ PRO · first_market_buy 100 food |
| 25:00 | Sói · first_market_sell 100 wood |
| 25:30 | Mr.Peo · first_market_buy 100 wood |
| 26:06 | BĂNG GIÁ PRO · first_building Barracks |
| 26:50 | BĂNG GIÁ PRO · first_building Monastery |
| 27:13 | BĂNG GIÁ PRO · first_building Siege Workshop |
| 27:28 | Gờ Gờ · wall_segment Stone Wall x1 |
| 27:40 | BĂNG GIÁ PRO · first_building Castle |
| 27:46 | Gờ Gờ · first_market_sell 100 wood |
| 28:03 | Mr.Peo · first_building Monastery |
| 28:11 | Gờ Gờ · first_market_buy 100 stone |
| 28:20 | 43 Đoàn Quốc Hưng 1990 · first_market_sell 100 stone |
| 29:04 | Gờ Gờ · first_building Siege Workshop |
| 29:12 | 43 Đoàn Quốc Hưng 1990 · first_building Siege Workshop |
| 29:13 | uttuananh1989 · first_building Siege Workshop |
| 29:54 | BĂNG GIÁ PRO · wall_segment Palisade Wall x3 |
| 31:02 | Sói · first_building Barracks |
| 31:21 | Mr.Peo · first_building Barracks |
| 31:39 | BĂNG GIÁ PRO · age_up imperial |
| 31:42 | BĂNG GIÁ PRO · first_building Stable |
| 32:19 | Sói · first_building Archery Range |
| 32:20 | uttuananh1989 · first_building Castle |
| 32:34 | Mr.Peo · first_market_sell 100 wood |
| 32:41 | Gờ Gờ · first_building Castle |
| 32:58 | Sói · age_up imperial |
| 33:09 | Mr.Peo · first_building Archery Range |
| 33:21 | Mr.Peo · wall_segment Stone Wall x3 |
| 33:23 | Mr.Peo · wall_segment Stone Wall x12 |
| 33:33 | uttuananh1989 · age_up imperial |
| 33:48 | bathi90dn · first_building Monastery |
| 34:11 | Sói · first_building Stable |
| 34:11 | Gun™ · first_market_buy 100 stone |
| 34:17 | uttuananh1989 · first_market_sell 100 food |
| 34:39 | Gun™ · first_market_sell 100 food |
| 34:52 | Gun™ · first_building Castle |
| 35:44 | Gờ Gờ · first_building Archery Range |
| 35:45 | Mr.Peo · age_up imperial |
| 36:04 | bathi90dn · first_building Castle |
| 36:16 | Mr.Peo · first_building Castle |
| 36:41 | Gờ Gờ · age_up imperial |
| 37:00 | uttuananh1989 · tribute_sent a jugador 2 |
| 37:00 | uttuananh1989 · tribute_sent a jugador 3 |
| 37:00 | uttuananh1989 · tribute_sent a jugador 4 |
| 37:00 | uttuananh1989 · tribute_sent a jugador 5 |
| 37:00 | uttuananh1989 · tribute_sent a jugador 6 |
| 37:00 | uttuananh1989 · tribute_sent a jugador 7 |
| 37:00 | uttuananh1989 · tribute_sent a jugador 8 |
| 39:03 | Mr.Peo · first_building Stable |
| 39:23 | BĂNG GIÁ PRO · tribute_sent a jugador 1 |
| 39:23 | BĂNG GIÁ PRO · tribute_sent a jugador 2 |
| 39:23 | BĂNG GIÁ PRO · tribute_sent a jugador 3 |
| 39:23 | BĂNG GIÁ PRO · tribute_sent a jugador 4 |
| 39:23 | BĂNG GIÁ PRO · tribute_sent a jugador 5 |
| 39:23 | BĂNG GIÁ PRO · tribute_sent a jugador 6 |
| 39:23 | BĂNG GIÁ PRO · tribute_sent a jugador 7 |
| 39:31 | uttuananh1989 · tribute_sent a jugador 2 |
| 39:31 | uttuananh1989 · tribute_sent a jugador 3 |
| 39:31 | uttuananh1989 · tribute_sent a jugador 4 |
| 39:31 | uttuananh1989 · tribute_sent a jugador 5 |
| 39:31 | uttuananh1989 · tribute_sent a jugador 6 |
| 39:31 | uttuananh1989 · tribute_sent a jugador 7 |
| 39:31 | uttuananh1989 · tribute_sent a jugador 8 |
| 39:36 | BĂNG GIÁ PRO · tribute_sent a jugador 1 |
| 39:36 | BĂNG GIÁ PRO · tribute_sent a jugador 2 |
| 39:36 | BĂNG GIÁ PRO · tribute_sent a jugador 3 |
| 39:36 | BĂNG GIÁ PRO · tribute_sent a jugador 4 |
| 39:36 | BĂNG GIÁ PRO · tribute_sent a jugador 5 |
| 39:36 | BĂNG GIÁ PRO · tribute_sent a jugador 6 |
| 39:36 | BĂNG GIÁ PRO · tribute_sent a jugador 7 |
| 39:43 | uttuananh1989 · tribute_sent a jugador 2 |
| 39:43 | uttuananh1989 · tribute_sent a jugador 3 |
| 39:43 | uttuananh1989 · tribute_sent a jugador 4 |
| 39:43 | uttuananh1989 · tribute_sent a jugador 5 |
| 39:43 | uttuananh1989 · tribute_sent a jugador 6 |
| 39:43 | uttuananh1989 · tribute_sent a jugador 7 |
| 39:43 | uttuananh1989 · tribute_sent a jugador 8 |
| 39:54 | Mr.Peo · wall_segment Stone Wall x4 |
| 39:55 | 43 Đoàn Quốc Hưng 1990 · age_up imperial |
| 39:56 | Mr.Peo · wall_segment Stone Wall x14 |
| 40:16 | BĂNG GIÁ PRO · tribute_sent a jugador 1 |
| 40:16 | BĂNG GIÁ PRO · tribute_sent a jugador 2 |
| 40:16 | BĂNG GIÁ PRO · tribute_sent a jugador 3 |
| 40:16 | BĂNG GIÁ PRO · tribute_sent a jugador 4 |
| 40:16 | BĂNG GIÁ PRO · tribute_sent a jugador 5 |
| 40:16 | BĂNG GIÁ PRO · tribute_sent a jugador 6 |
| 40:16 | BĂNG GIÁ PRO · tribute_sent a jugador 7 |
| 40:30 | bathi90dn · age_up imperial |
| 40:39 | Mr.Peo · wall_segment Stone Wall x1 |
| 40:45 | Mr.Peo · wall_segment Stone Wall x1 |
| 41:03 | BĂNG GIÁ PRO · tribute_sent a jugador 1 |
| 41:03 | BĂNG GIÁ PRO · tribute_sent a jugador 2 |
| 41:03 | BĂNG GIÁ PRO · tribute_sent a jugador 3 |
| 41:03 | BĂNG GIÁ PRO · tribute_sent a jugador 4 |
| 41:03 | BĂNG GIÁ PRO · tribute_sent a jugador 5 |
| 41:03 | BĂNG GIÁ PRO · tribute_sent a jugador 6 |
| 41:03 | BĂNG GIÁ PRO · tribute_sent a jugador 7 |
| 41:39 | bathi90dn · first_market_sell 500 stone |
| 41:47 | uttuananh1989 · tribute_sent a jugador 2 |
| 41:47 | uttuananh1989 · tribute_sent a jugador 3 |
| 41:47 | uttuananh1989 · tribute_sent a jugador 4 |
| 41:47 | uttuananh1989 · tribute_sent a jugador 5 |
| 41:47 | uttuananh1989 · tribute_sent a jugador 6 |
| 41:47 | uttuananh1989 · tribute_sent a jugador 7 |
| 41:47 | uttuananh1989 · tribute_sent a jugador 8 |
| 42:39 | BĂNG GIÁ PRO · tribute_sent a jugador 1 |
| 42:39 | BĂNG GIÁ PRO · tribute_sent a jugador 2 |
| 42:39 | BĂNG GIÁ PRO · tribute_sent a jugador 3 |
| 42:39 | BĂNG GIÁ PRO · tribute_sent a jugador 4 |
| 42:39 | BĂNG GIÁ PRO · tribute_sent a jugador 5 |
| 42:39 | BĂNG GIÁ PRO · tribute_sent a jugador 6 |
| 42:39 | BĂNG GIÁ PRO · tribute_sent a jugador 7 |
| 43:43 | BĂNG GIÁ PRO · tribute_sent a jugador 1 |
| 43:43 | BĂNG GIÁ PRO · tribute_sent a jugador 2 |
| 43:43 | BĂNG GIÁ PRO · tribute_sent a jugador 3 |
| 43:43 | BĂNG GIÁ PRO · tribute_sent a jugador 4 |
| 43:43 | BĂNG GIÁ PRO · tribute_sent a jugador 5 |
| 43:43 | BĂNG GIÁ PRO · tribute_sent a jugador 6 |
| 43:43 | BĂNG GIÁ PRO · tribute_sent a jugador 7 |
| 44:37 | Sói · first_building Monastery |
| 44:49 | BĂNG GIÁ PRO · tribute_sent a jugador 1 |
| 44:49 | BĂNG GIÁ PRO · tribute_sent a jugador 2 |
| 44:49 | BĂNG GIÁ PRO · tribute_sent a jugador 3 |
| 44:49 | BĂNG GIÁ PRO · tribute_sent a jugador 4 |
| 44:49 | BĂNG GIÁ PRO · tribute_sent a jugador 5 |
| 44:49 | BĂNG GIÁ PRO · tribute_sent a jugador 6 |
| 44:49 | BĂNG GIÁ PRO · tribute_sent a jugador 7 |
| 45:25 | Gun™ · resign |
[ AI ANALYSIS · 1 CREDIT ]
What really happened in this match?
Wolo.gg analyzes every decision: build order, eco, micro, common mistakes by bracket. Personalized analysis on WhatsApp or Discord in 30 seconds.
Civ guide
Japanese
Perfil
Jugador #315596